 Dungeon Crawl Stone Soup version 0.21.1-1-g345015f (webtiles) character file.

79163 sking99 the Executioner (level 15, 0/128 HPs)
             Began as a Minotaur Fighter on June 30, 2018.
             Was the Champion of Okawaru.
             Slain by a spatial maelstrom (14 damage)
             ... on level 1 of the Abyss on July 1, 2018.
             The game lasted 01:03:04 (21464 turns).

sking99 the Executioner (Minotaur Fighter)         Turns: 21464, Time: 01:03:04

Health: 0/128      AC: 24    Str: 28    XL:     15   Next: 20%
Magic:  11/11      EV: 14    Int:  5    God:    Okawaru [******]
Gold:   1459       SH:  0    Dex: 16    Spells: 14/14 levels left

rFire    + + .     SeeInvis +   a - +10 executioner's axe of the Pillar {chop, rPois rN+ SInv}
rCold    + + .     Gourm    .   (shield currently unavailable)
rNeg     + . .     Faith    .   S - +1 plate armour {rF+}
rPois    +         Spirit   .   p - +2 hat of the Big Bang {+Fly rC+ Regen+ Str+4}
rElec    .         Reflect  .   g - +0 cloak
rCorr    .         Harm     .   m - +1 pair of gloves {Str+3}
MR       ++...                  R - +1 pair of boots {Fly}
Stlth    ..........             (no amulet)
HPRegen  0.71/turn              O - ring of Laemir {+Fly rF+ rC+ MP-9 SInv}
MPRegen  0.12/turn              K - ring of protection from magic

@: about to teleport, flying, very slightly contaminated
A: retaliatory headbutt, horns 2
a: Heroism, Finesse, Renounce Religion, Stop Flying


You were on level 1 of the Abyss.
You worshipped Okawaru.
Okawaru was exalted by your worship.
You were not hungry.

You visited 3 branches of the dungeon, and saw 19 of its levels.
You visited the Abyss 1 time.
You also visited: Bailey.

You collected 1787 gold pieces.
You spent 328 gold pieces at shops.

Inventory:

Hand Weapons
 a - the +10 executioner's axe of the Pillar (weapon) {chop, rPois rN+ SInv}
   (Okawaru gifted it to you on level 6 of the Lair of Beasts)

   It inflicts extra damage upon your enemies.
   It protects you from poison.
   It protects you from negative energy.
   It lets you see invisible.
 b - the +5 morningstar "Kinied" {crush, rF+ MR++}
   (You found it on level 6 of the Lair of Beasts)

   It inflicts extra damage upon your enemies.
   It protects you from fire.
   It affects your resistance to hostile enchantments.
Armour
 g - a +0 cloak (worn)
 m - a +1 pair of gloves of strength (worn)
 p - the +2 hat of the Big Bang (worn) {+Fly rC+ Regen+ Str+4}
   (Okawaru gifted it to you on level 4 of the Lair of Beasts)

   It affects your strength (+4).
   It protects you from cold.
   It lets you fly.
   It increases your rate of regeneration.
 r - the +3 hat of Pondering {ponderous, MR+ MP+10 Int+5}
   (You took it off Gastronok on level 10 of the Dungeon)

   It affects your intelligence (+5).
   It affects your resistance to hostile enchantments.
   It affects your magic capacity (+10).
 C - a +1 plate armour of cold resistance
 R - a +1 pair of boots of flying (worn)
 S - a +1 plate armour of fire resistance (worn)
Jewellery
 h - a +3 ring of strength
 K - a ring of protection from magic (right hand)
 O - the ring of Laemir (left hand) {+Fly rF+ rC+ MP-9 SInv}
   (You bought it in a shop on level 10 of the Dungeon)

   [ring of flight]

   It protects you from fire.
   It protects you from cold.
   It affects your magic capacity (-9).
   It lets you see invisible.
   It lets you fly.
 Y - an uncursed ring of resist corrosion
Wands
 u - a wand of random effects (58)
 w - a wand of iceblast (13)
 y - a wand of digging (16)
 L - a wand of flame (64)
 T - a wand of paralysis (14)
Scrolls
 i - 11 scrolls of remove curse
 j - 2 scrolls of magic mapping
 n - a scroll of blinking
 D - 2 scrolls of enchant armour
 H - a scroll of amnesia
 Q - 2 scrolls of identify
 U - 2 scrolls of teleportation {unknown}
 V - a scroll of enchant weapon
 X - a scroll of fog
 Z - a scroll of fear {unknown}
Potions
 c - a potion of haste
 d - 2 potions of might
 e - 2 potions of invisibility {unknown}
 k - 4 potions of agility
 l - 8 potions of brilliance
 s - 6 potions of lignification
 v - 11 potions of curing
 x - a potion of experience {unknown}
 z - 2 potions of berserk rage
 B - 4 potions of cancellation
 F - a potion of mutation {unknown}
 G - a potion of degeneration {unknown}
Books
 J - a book of Misfortune

   Spells                             Type                      Level
   a - Confusing Touch                Hexes                        1
   b - Confuse                        Hexes                        3
   c - Gell's Gravitas                Translocation                3
   d - Petrify                        Transmutation/Earth          4
   e - Metabolic Englaciation         Hexes/Ice                    5
   f - Yara's Violent Unravelling     Hexes/Transmutation          5
Comestibles
 f - 36 rations
 o - 4 chunks of flesh


   Skills:
 - Level 10.6 Fighting
 - Level 22.3 Axes
 - Level 11.1 Armour
 + Level 11.0 Dodging
   Level 3.6 Shields
 + Level 8.6 Invocations


You had 14 spell levels left.
You didn't know any spells.

Dungeon Overview and Level Annotations

Branches:
Dungeon (11/15)            Temple (0/1) D:6            Lair (6/6) D:9
 Shoals (0/4) Lair:4       Spider (0/4) Lair:4        Slime (0/5) Lair:5
    Orc (2/2) D:10            Elf (0/3) Orc:2

Altars:
Cheibriados
Fedhas
Kikubaaqudgha
Makhleb
Okawaru
Ru
Sif Muna
Trog
Uskayaw
Zin
The Shining One
Jiyva

Shops:
D:10 =   Orc:2 ![%

Annotations:
D:4 2 transporters
Lair:2 exclusion: 3 oklob plants
Orc:2 Sonja


Innate Abilities, Weirdness & Mutations

You reflexively headbutt those who attack you in melee.
You have a pair of horns on your head.


Message History

* * * LOW HITPOINT WARNING * * *
You feel strangely unstable.
You feel the power of the Abyss delaying your translocation!
The spatial maelstrom closely misses you.
A spatial vortex comes into view.
A spatial vortex comes into view.
The spatial maelstrom hits you but does no damage. x2
A ynoxinul and a small abomination come into view.
The ynoxinul bellows!
The spatial maelstrom hits you but does no damage.
The spatial maelstrom hits you!
* * * LOW HITPOINT WARNING * * *
Space bends around you.
* * * LOW HITPOINT WARNING * * *
The spatial maelstrom hits you but does no damage.
The spatial maelstrom closely misses you.
The spatial maelstrom hits you.
* * * LOW HITPOINT WARNING * * *
Space warps horribly around you!
You die...

####vv .# . ≈
#..#.## #.#.
#......# #.
#..#.v#.##..#
#..###..##..#
≈ #.
#.....#####≈≈
###..## .....
.#..#xv##....#
......§.§@...#
....#.§.###.##
..#...##. #
#.x.# . .3.#.
#. ##. # .#


You could see a spatial maelstrom, a spatial vortex and an unseen horror
(invisible).

Vanquished Creatures
  Kirke (Lair:4)
  Gastronok (D:10)
  An orc warlord (Bailey)
  The ghost of sking99 the Severer, a journeyman HOMo of Uskayaw (Lair:6)
  The ghost of WinstonMain the Geomancer, a journeyman OgEE of Sif Muna (Lair:2)
  Snorg (Lair:3)
  Josephine (Orc:1)
  An ettin (Orc:2)
  2 ogre magi (Orc:2)
  The ghost of Rwicked the Bludgeoner, a journeyman MiBe of Trog (D:10)
  7 hydras
  Harold (Lair:3)
  A centaur warrior (D:10)
  9 two-headed ogres
  5 death yaks (Lair:4)
  A thrashing horror (Abyss:1)
  2 deep trolls (Orc:2)
  A manticore (D:11)
  2 orc knights (Orc:2)
  A wolf spider (Lair:1)
  4 black mambas
  2 cyclopes (Orc:2)
  3 merfolk sirens (Lair:4)
  An elephant (Lair:2)
  A torpor snail (Lair:3)
  23 spiny frogs
  2 rime drakes
  6 komodo dragons
  14 trolls
  A merfolk (Lair:4)
  2 polar bears
  5 tyrant leeches (Lair:6)
  2 hornets
  11 hippogriffs
  6 dream sheep (Lair:6)
  20 blink frogs
  5 wraiths
  47 yaks
  10 wyverns
  2 basilisks (Lair:1)
  2 hogs (Lair:4)
  6 vampire mosquitoes (Lair:6)
  Grum (Lair:1)
  The ghost of sking99 the Skirmisher, an amateur FoAK of Lugonu (D:3)
  A spatial vortex (Abyss:1)
  6 wargs
  13 water moccasins
  7 porcupines
  27 orc warriors
  4 sky beasts
  2 black bears
  25 ogres
  A phantom (D:4)
  3 ice beasts
  4 necrophages
  2 wolves (Lair:1)
  14 crocodiles
  3 centaurs
  2 elf zombies (D:11)
  A big kobold (D:8)
  23 bullfrogs
  2 jellies
  2 wyvern skeletons
  8 scorpions
  11 killer bees
  5 wights
  A troll skeleton (D:11)
  2 electric eels (Lair:4)
  3 crimson imps
  A bullfrog zombie (D:10)
  A centaur zombie (D:10)
  10 hounds
  3 human zombies (D:11)
  7 orc priests
  A quasit (D:8)
  A bullfrog skeleton (D:9)
  3 centaur skeletons
  Ijyb (D:3)
  5 iguanas
  25 orc wizards
  8 worker ants
  5 hell rats (Lair:5)
  2 mummies (D:11)
  A worker ant zombie (D:9)
  Robin (D:3)
  15 gnolls
  20 adders
  A howler monkey skeleton (D:7)
  2 shadow imps
  A white imp (Abyss:1)
  An ooze (D:2)
  2 adder skeletons
  7 worms
  A dart slug (D:5)
  3 leopard geckos
  68 orcs
  8 bats
  8 giant cockroaches
  35 goblins
  25 hobgoblins
  8 jackals (D:3)
  8 quokkas
  3 ball pythons
  8 frilled lizards
  A giant cockroach zombie (D:5)
  A jackal skeleton (D:4)
  11 kobolds
  2 orc zombies (D:11)
  7 rats
  A bush (Lair:6)
  5 fungi
  25 plants
742 creatures vanquished.

Vanquished Creatures (others)
  An electric eel (Lair:4)
  8 bushes (Lair:6)
  11 fungi
  55 plants
75 creatures vanquished.

Grand Total: 817 creatures vanquished

Notes
Turn   | Place    | Note
-------+----------+-------------------------------------------
     0 | D:1      | sking99 the Minotaur Fighter began the quest for the Orb.
     0 | D:1      | Reached XP level 1. HP: 19/19 MP: 0/0
    95 | D:1      | Reached skill level 3 in Axes
   102 | D:1      | Reached XP level 2. HP: 23/27 MP: 1/1
   664 | D:2      | Reached XP level 3. HP: 26/33 MP: 2/2
   794 | D:2      | Reached skill level 4 in Axes
   891 | D:2      | Found an iron altar of Okawaru.
   898 | D:2      | Became a worshipper of Warmaster Okawaru
   998 | D:2      | Reached XP level 4. HP: 21/41 MP: 3/3
  1759 | D:2      | Found a deep blue altar of Sif Muna.
  1916 | D:3      | Reached skill level 5 in Axes
  1928 | D:3      | Noticed sking99's ghost (amateur FoAK)
  1937 | D:3      | Killed sking99's ghost
  1937 | D:3      | Reached * piety under Okawaru
  1937 | D:3      | Reached skill level 5 in Fighting
  1937 | D:3      | Reached skill level 6 in Axes
  1937 | D:3      | Reached XP level 5. HP: 38/48 MP: 4/4
  2009 | D:3      | Found a bloodstained altar of Trog.
  2011 | D:3      | Found a glowing golden altar of the Shining One.
  2013 | D:3      | Found a snail-covered altar of Cheibriados.
  2095 | D:3      | Reached XP level 6. HP: 47/56 MP: 5/5
  2137 | D:3      | Noticed Ijyb
  2158 | D:3      | Killed Ijyb
  2278 | D:3      | Noticed Robin
  2294 | D:3      | Killed Robin
  2436 | D:3      | Found a burning altar of Makhleb.
  2578 | D:4      | Found Zin's Purification Station.
  2599 | D:4      | Found a glowing silver altar of Zin.
  2603 | D:4      | Bought a potion of curing for 90 gold pieces
  2622 | D:4      | Reached skill level 7 in Axes
  2623 | D:4      | Found a transporter.
  2625 | D:4      | Noticed a hornet
  2627 | D:4      | Noticed a deep elf mage
  2629 | D:4      | Found a blossoming altar of Fedhas.
  2629 | D:4      | Found a transporter.
  2630 | D:4      | Noticed a two-headed ogre
  2781 | D:4      | Noticed a dagger
  2782 | D:4      | Noticed a hand axe
  2785 | D:4      | Found a hide-covered altar of Uskayaw.
  2849 | D:4      | Reached ** piety under Okawaru
  2849 | D:4      | Reached XP level 7. HP: 39/63 MP: 6/6
  3005 | D:4      | Reached skill level 8 in Axes
  3165 | D:5      | Entered Level 5 of the Dungeon
  3552 | D:5      | Found a bloodstained altar of Trog.
  3739 | D:5      | Reached skill level 9 in Axes
  4150 | D:6      | Reached XP level 8. HP: 68/73 MP: 4/7
  4278 | D:6      | Reached *** piety under Okawaru
  4302 | D:6      | Reached skill level 10 in Axes
  4882 | D:6      | Reached skill level 11 in Axes
  5100 | D:6      | Found a staircase to the Ecumenical Temple.
  5246 | D:6      | Reached skill level 1 in Invocations
  5332 | D:6      | Reached XP level 9. HP: 82/82 MP: 8/8
  5363 | D:6      | Reached **** piety under Okawaru
  5678 | D:7      | Found a flagged portal.
  5683 | Bailey   | Entered a bailey
  5978 | Bailey   | Reached skill level 12 in Axes
  6439 | Bailey   | Noticed an orc warlord
  6493 | Bailey   | Killed an orc warlord
  6493 | Bailey   | Reached ***** piety under Okawaru
  6493 | Bailey   | Reached skill level 10 in Fighting
  6493 | Bailey   | Reached skill level 13 in Axes
  6493 | Bailey   | Reached XP level 10. HP: 36/93 MP: 8/12
  6969 | Bailey   | Identified the Reference Book on Earthen Changing
  7089 | D:7      | Reached skill level 5 in Invocations
  7438 | D:6      | Identified a scroll of acquirement
  7576 | D:8      | Noticed a two-headed ogre
  7658 | D:8      | Killed a two-headed ogre
  7658 | D:8      | Reached skill level 14 in Axes
  7953 | D:8      | Identified the Reference Book on Burning Creation
  8015 | D:8      | Received a gift from Okawaru
  8363 | D:8      | Reached skill level 5 in Armour
  8670 | D:8      | Found a sacrificial altar of Ru.
  8768 | D:9      | Found a staircase to the Lair.
  9430 | D:9      | Reached XP level 11. HP: 92/101 MP: 14/14
  9680 | D:10     | Entered Level 10 of the Dungeon
  9924 | D:10     | Received a gift from Okawaru
  9928 | D:10     | Found Ryenorobu's Jewellery Shop.
 10070 | D:10     | Bought the ring of Laemir {+Fly rF+ rC+ MP-9 SInv} for 238 gold pieces
 10509 | D:10     | Reached skill level 15 in Axes
 10513 | D:10     | Found a staircase to the Orcish Mines.
 10699 | D:10     | Noticed a centaur warrior
 10704 | D:10     | Killed a centaur warrior
 10706 | D:10     | Noticed Rwicked's ghost (journeyman MiBe)
 10707 | D:10     | Noticed a two-headed ogre
 10736 | D:10     | Killed Rwicked's ghost
 10741 | D:10     | Killed a two-headed ogre
 11252 | D:10     | Noticed Gastronok
 11279 | D:10     | Killed Gastronok
 11279 | D:10     | Reached skill level 16 in Axes
 12027 | D:11     | Reached ****** piety under Okawaru
 12034 | D:11     | Reached XP level 12. HP: 107/108 MP: 7/16
 12043 | D:11     | Received a gift from Okawaru
 12268 | D:11     | Reached skill level 17 in Axes
 12960 | D:11     | Found an ancient bone altar of Kikubaaqudgha.
 13076 | Lair:1   | Entered Level 1 of the Lair of Beasts
 13995 | Lair:1   | Noticed Grum
 14006 | Lair:1   | Reached skill level 10 in Armour
 14031 | Lair:1   | Killed Grum
 14696 | Lair:2   | Reached skill level 18 in Axes
 14796 | Lair:2   | Found a bloodstained altar of Trog.
 14911 | Lair:2   | Noticed WinstonMain's ghost (journeyman OgEE)
 15089 | Lair:2   | Killed WinstonMain's ghost
 15089 | Lair:2   | Received a gift from Okawaru
 15281 | Lair:2   | Found a snail-covered altar of Cheibriados.
 16049 | Lair:3   | Noticed Harold
 16067 | Lair:3   | Killed Harold
 16067 | Lair:3   | Reached skill level 1 in Dodging
 16067 | Lair:3   | Reached XP level 13. HP: 96/114 MP: 0/17
 16187 | Lair:3   | Reached skill level 19 in Axes
 16305 | Lair:3   | Noticed Snorg
 16323 | Lair:3   | Killed Snorg
 17252 | Lair:4   | Received a gift from Okawaru
 17257 | Lair:4   | Got a translucent hat {god gift}
 17427 | Lair:4   | Identified the +2 hat of the Big Bang {+Fly rC+ Regen+ Str+4} (Okawaru gifted it to you on level 4 of the Lair of Beasts)
 17456 | Lair:4   | Found a staircase to the Shoals.
 17547 | Lair:4   | Noticed Kirke
 17551 | Lair:4   | Reached skill level 5 in Dodging
 17559 | Lair:4   | Killed Kirke
 17559 | Lair:4   | Reached skill level 20 in Axes
 17919 | Lair:4   | Found a hole to the Spider Nest.
 18821 | Lair:5   | Found a viscous altar of Jiyva.
 18821 | Lair:5   | Found a staircase to the Slime Pits.
 19157 | Lair:6   | Entered Level 6 of the Lair of Beasts
 19251 | Lair:6   | Reached XP level 14. HP: 104/122 MP: 6/18
 19282 | Lair:6   | Reached skill level 21 in Axes
 19290 | Lair:6   | Received a gift from Okawaru
 19348 | Lair:6   | Got a dazzling executioner's axe {god gift}
 19362 | Lair:6   | Identified the +10 executioner's axe of the Pillar {chop, rPois rN+ SInv} (Okawaru gifted it to you on level 6 of the Lair of Beasts)
 19763 | Lair:6   | Received a gift from Okawaru
 19862 | Lair:6   | Noticed sking99's ghost (journeyman HOMo)
 19877 | Lair:6   | Killed sking99's ghost
 19877 | Lair:6   | Reached skill level 22 in Axes
 19971 | Lair:6   | Got a crude morningstar
 19972 | Lair:6   | Identified the +5 morningstar "Kinied" {crush, rF+ MR++} (You found it on level 6 of the Lair of Beasts)
 20486 | Orc:1    | Entered Level 1 of the Orcish Mines
 20523 | Orc:1    | Noticed Josephine
 20530 | Orc:1    | Killed Josephine
 20641 | Orc:2    | Entered Level 2 of the Orcish Mines
 20845 | Orc:2    | Found a staircase to the Elven Halls.
 20954 | Orc:2    | Noticed Sonja
 21100 | Orc:2    | Received a gift from Okawaru
 21100 | Orc:2    | Reached skill level 10 in Dodging
 21117 | Orc:2    | Found Ryhiadgh's Food Boutique.
 21119 | Orc:2    | Reached XP level 15. HP: 97/128 MP: 10/19
 21177 | Orc:2    | Received a gift from Okawaru
 21350 | Orc:2    | Found Ybita's Antique Armour Boutique.
 21350 | Orc:2    | Found Keri's Distillery.
 21359 | Orc:2    | Cast into level 1 of the Abyss (Sonja)
 21359 | Abyss:1  | Found a corrupted altar of Lugonu.
 21452 | Abyss:1  | HP: 4/128 [spatial maelstrom (11)]
 21452 | Abyss:1  | HP: 1/128 [spatial maelstrom (3)]
 21464 | Abyss:1  | Slain by a spatial maelstrom

Skill      XL: |  1  2  3  4  5  6  7  8  9 10 11 12 13 14 15 |
---------------+----------------------------------------------+-----
Axes           | 3 4 6 7 9 11 13 14 16 18 20 22 | 22.3
Fighting       | 4 5 6 7 8 10 | 10.6
Invocations    | 1 4 6 7 8 |  8.6
Armour         | 5 8 11 | 11.1
Dodging        | 1 7 10 11 | 11.0
Shields        | |  3.6

Action                   |  1- 3 |  4- 6 |  7- 9 | 10-12 | 13-15 || total
-------------------------+-------+-------+-------+-------+-------++-------
Melee: War axe           |    72 |   128 |   361 |       |       ||   561
       Headbutt          |    13 |    21 |    80 |   128 |   144 ||   386
       Battleaxe         |       |       |       |   590 |   258 ||   848
       Morningstar       |       |       |       |       |    38 ||    38
       Punch             |       |       |       |       |     1 ||     1
       Executioner's axe |       |       |       |       |   255 ||   255
Throw: Throwing net      |       |     2 |       |       |     4 ||     6
Invok: Heroism           |       |       |     6 |     8 |     8 ||    22
       Finesse           |       |       |       |     2 |     2 ||     4
 Abil: Stop Flying       |       |       |       |     1 |       ||     1
       Evoke Flight      |       |       |       |     1 |       ||     1
  Use: Scroll            |       |     1 |     9 |    10 |     4 ||    24
       Potion            |       |       |     3 |     3 |     6 ||    12
  Eat: Chunk             |       |     6 |    12 |    31 |    17 ||    66
Armor: Chain mail        |    32 |    90 |   137 |       |       ||   259
       Ring mail         |       |       |     5 |   172 |       ||   177
       Quicksilver drago |       |       |       |    90 |    45 ||   135
       Plate armour      |       |       |       |       |   243 ||   243
Dodge: Dodged            |    22 |    36 |    55 |   248 |   353 ||   714
Block: Shield            |    35 |    84 |   119 |       |       ||   238
